cohdb
Replays
Latest Replays
All Replays
Popular Replays
Top Player Replays
Match Explorer
How It Works
Community
CoH3 Stats
Reddit
Sign in to upload your games and track your stats! →
Sign in with Steam
Match 44824640
Unlisted
Match 44824640
Overview
Messages
Build Orders
End
Construct Infanterie Kompanie
Kettenkrad Recon Vehicle
Selects Terror Battlegroup
Selects Machine Gun Camouflage
MG 42 Machine Gun Team
MG 42 Machine Gun Team
MG 42 Machine Gun Team
Grenadier Squad
Construct Luftwaffe Kompanie
Jäger Squad
Medical Bunker
Support Elements
Selects Contempt for the Weak
Wirbelwind Flakpanzer
Flak 30 Anti-aircraft Gun Team
Wirbelwind Flakpanzer
Marder III M Tank Destroyer
Selects Propaganda Leaflet Drop
Pioneer Squad
Construct Panzergrenadier Kompanie
Propaganda Leaflet Drop
Nebelwerfer 42 Rocket Launcher Team
Jäger Squad
Medical Bunker
Nebelwerfer 42 Rocket Launcher Team
Gwangju's Hero Chun Doo-gwang
MrGlaucus
Stubai
Microsoft Word
-97
Lancyin
HackerBlack_Sunday
新年辞旧喜洋洋
0
0
Comments
sign in to comment!
No comments posted yet!